Map: Simulacrum LE

Players

Ratl

  • Race: Protoss Protoss
  • Spawn Location: 11:00

Javierson - Winner!

  • Race: Terran Terran
  • League: Silver
  • Spawn Location: 5:00

VOD

Have the link to the VOD?

Description

Time

  • Played on: Dec. 18, 2019, 9:57 p.m.
  • Length: 49:43
Show
View Real Time Build Order
Export as new Build Order

Ratl Protoss 

Build Orders: Double Forge 

Get SALT Encoding   

  12  0:03  Probe  
  13  0:16  Probe  
  14  0:25  Pylon  
  14  0:28  Probe  
  15  0:43  Probe  
  15  0:44  Gateway  
  16  0:55  Probe  
  17  0:59  Assimilator  
  17  1:02  Assimilator  
  17  1:07  Probe  
  18  1:13  Gateway  
  18  1:20  Probe  
  19  1:32  Probe  
  20  1:44  Probe  
  21  1:52  Cybernetics Core  
  21  1:56  Probe  
  22  2:05  Pylon  
  22  2:09  Pylon  
  22  2:13  Pylon  
  22  2:18  Probe  
  23  2:31  Nexus  
  23  2:37  Stalker  
  23  2:44  Stalker  
  27  2:48  Probe  
  28  2:52  Warp Gate  
  28  3:03  Forge  
  28  3:18  Probe  
  29  3:30  Probe  
  30  3:34  Forge  
  30  3:36  Twilight Council  
  30  3:44  Robotics Facility  
  30  3:48  Stargate  
  30  3:52  Stalker  
  30  3:54  Stalker  
  34  3:58  Probe  
  35  4:05  Probe  
  36  4:10  Probe  
  37  4:17  Probe  
  37  4:22  Assimilator  
  38  4:24  Assimilator  
  38  4:32  Observer  
  39  4:42  Protoss Ground Armor Level 1 (Chrono Boost)  
  39  5:09  Probe x2 (Chrono Boost)  
  41  5:20  Probe x2 (Chrono Boost)  
  43  5:25  Probe x2 (Chrono Boost)  
  45  5:35  Probe  
  46  5:38  Pylon  
  46  5:40  Pylon  
  46  5:47  Warp Prism  
  48  5:52  Gateway  
  48  5:54  Gateway  
  48  5:56  Gateway  
  48  5:58  Gateway  
  48  6:01  Gateway  
  48  6:02  Charge  
  48  6:03  Protoss Ground Weapons Level 1 (Chrono Boost)  
  47  6:17  Shield Battery  
  47  6:19  Shield Battery  
  47  6:23  Immortal  
  47  6:24  Pylon  
  51  6:34  Zealot x2  
  51  6:37  Pylon  
  55  6:47  Probe x2  
  55  6:52  Stalker x2  
  61  6:59  Probe x2  
  63  7:02  Immortal  
  63  7:07  Robotics Bay  
  67  7:10  Shield Battery  
  67  7:11  Probe x2  
  69  7:18  Stalker x3  
  69  7:21  Shield Battery  
  75  7:23  Probe  
  76  7:30  Gateway  
  76  7:57  Nexus, Stalker  
  76  7:58  Stalker  
  80  7:59  Pylon  
  80  8:00  Protoss Ground Armor Level 2 (Chrono Boost)  
  80  8:02  Pylon  
  80  8:04  Pylon  
  80  8:19  Colossus  
  86  8:23  Gravitic Drive  
  86  8:28  Stalker x2  
  80  9:44  Observer  
  81  9:53  Stalker x4  
  81  9:54  Stalker x3  
  95  10:00  Protoss Shields Level 1 (Chrono Boost)  
  95  10:04  Colossus (Chrono Boost)  
  101  10:14  Probe (Chrono Boost)  
  102  10:16  Assimilator  
  102  10:20  Assimilator  
  104  10:25  Probe (Chrono Boost)  
  104  10:26  Probe x2 (Chrono Boost)  
  104  10:28  Zealot x5  
  111  10:29  Zealot x2  
  111  10:30  Probe (Chrono Boost)  
  111  10:32  Probe x2  
  122  10:40  Probe  
  123  10:44  Probe x2  
  123  10:46  Protoss Ground Armor Level 3 (Chrono Boost)  
  125  10:52  Probe  
  125  10:56  Probe  
  125  10:57  Probe  
  128  11:11  Void Ray  
  132  11:25  Pylon  
  132  11:26  Pylon  
  132  11:28  Pylon  
  132  11:30  Pylon  
  132  11:31  Pylon  
  132  11:34  Nexus  
  132  11:37  Assimilator  
  132  11:38  Assimilator  
  132  11:42  Colossus  
  138  11:55  Protoss Ground Weapons Level 2 (Chrono Boost)  
  138  11:58  Stalker x3  
  138  11:59  Stalker x5  
  154  12:30  Shield Battery  
  154  12:33  Colossus (Chrono Boost)  
  160  12:38  Pylon  
  160  12:41  Pylon  
  159  13:15  Colossus  
  145  14:02  Colossus  
  133  14:19  Stalker x2  
  133  14:20  Stalker x6  
  149  14:25  Void Ray  
  149  14:29  Protoss Ground Weapons Level 3 (Chrono Boost)  
  149  14:32  Protoss Shields Level 2 (Chrono Boost)  
  153  14:49  Extended Thermal Lance  
  153  14:52  Warp Prism  
  155  15:00  Stalker x4  
  155  15:01  Stalker  
  155  15:03  Adept x2  
  155  15:04  Adept  
  171  15:08  Void Ray  
  179  15:14  Probe (Chrono Boost)  
  179  15:16  Probe (Chrono Boost)  
  179  15:17  Probe x2 (Chrono Boost)  
  179  15:24  Probe (Chrono Boost)  
  179  15:26  Colossus  
  179  15:27  Probe x3 (Chrono Boost)  
  189  15:29  Probe (Chrono Boost)  
  176  15:40  Probe  
  157  15:44  Void Ray  
  147  15:56  Probe  
  152  16:04  Colossus  
  152  16:08  Probe  
  153  16:16  Void Ray  
  153  16:21  Probe, Blink  
  164  16:33  Probe  
  164  16:35  Gravitic Boosters  
  165  16:54  Colossus  
  165  16:56  Void Ray  
  165  17:00  Probe  
  176  17:12  Probe  
  160  17:35  Nexus  
  160  17:39  Void Ray  
  103  18:22  Adept  
  103  18:23  Adept x6  
  103  18:24  Adept  
  105  18:29  Protoss Shields Level 3  
  105  18:32  Resonating Glaives  
  99  18:36  Void Ray  
  103  18:43  Colossus (Chrono Boost)  
  109  19:19  Void Ray, Stalker x3  
  109  19:20  Stalker x5  
  109  19:21  Nexus  
  129  19:24  Pylon  
  129  19:25  Assimilator  
  129  19:26  Pylon  
  129  19:27  Assimilator  
  129  19:29  Colossus  
  107  19:52  Stalker x6  
  107  20:02  Void Ray  
  111  20:22  Nexus x2  
  111  20:23  Colossus  
  117  20:34  Pylon  
  117  20:35  Pylon  
  117  20:42  Assimilator x2  
  117  20:45  Probe, Void Ray  
  122  20:57  Probe  
  123  21:08  Probe x2  
  123  21:09  Probe  
  126  21:20  Probe x2  
  126  21:21  Probe  
  129  21:32  Probe x2  
  131  21:33  Probe  
  132  21:44  Probe x2  
  134  21:51  Probe  
  135  21:56  Probe  
  135  21:58  Colossus  
  142  22:03  Probe  
  144  22:15  Probe  
  144  22:27  Probe  
  145  22:39  Probe  
  146  22:52  Colossus  
  152  22:59  Dark Shrine  
  152  23:03  Templar Archives  
  152  23:21  Robotics Facility  
  152  23:22  Robotics Facility  
  152  23:42  Colossus (Chrono Boost)  
  158  24:05  Void Ray  
  162  24:14  Protoss Air Weapons Level 1  
  162  24:18  Colossus  
  162  24:20  Colossus  
  162  24:21  Psionic Storm  
  162  24:23  Shadow Stride  
  174  24:28  High Templar x3  
  174  24:29  High Templar x3, Colossus  
  192  24:37  Archon  
  192  24:39  Archon  
  192  24:41  Archon  
  192  24:45  High Templar x2  
  194  24:48  Void Ray  
  200  25:18  Pylon  
  200  25:20  Pylon  
  200  25:21  Assimilator  
  200  25:22  Assimilator  
  154  26:22  Protoss Air Armor Level 1  
  82  26:44  High Templar x6  
  82  26:45  High Templar x2, Colossus (Chrono Boost)  
  110  26:55  Colossus (Chrono Boost)  
  110  26:56  Nexus  
  110  27:15  Void Ray  
  119  27:16  Colossus (Chrono Boost)  
  118  27:24  High Templar x2  
  118  27:25  High Templar x6  
  131  27:30  Archon x3  
  131  27:31  Archon  
  131  27:32  Colossus  
  131  27:35  Archon  
  131  27:36  Archon  
  131  27:37  Archon x2  
  137  27:42  Colossus  
  143  27:58  Void Ray  
  147  28:04  Nexus  
  147  28:06  Colossus  
  153  28:19  Fleet Beacon  
  153  28:25  Colossus  
  150  28:35  High Templar x4, Colossus  
  150  28:37  Stalker x4  
  171  29:01  Colossus (Chrono Boost)  
  183  29:26  Colossus (Chrono Boost)  
  189  29:44  Warp Prism (Chrono Boost)  
  189  29:50  Colossus (Chrono Boost)  
  179  30:12  Colossus, Warp Prism  
  187  30:37  Colossus  
  87  31:12  Stargate  
  87  31:15  Stargate  
  87  31:16  Cybernetics Core  
  87  31:17  Stargate  
  81  31:22  Stalker x4  
  81  31:23  Stalker x4  
  97  31:30  Colossus  
  79  32:13  Void Ray x3  
  91  32:35  Zealot  
  93  32:37  Zealot x3  
  93  32:38  Zealot x4  
  107  32:50  Gateway  
  107  32:53  Gateway  
  107  32:55  Gateway x2  
  107  32:56  Gateway, Void Ray x3  
  93  33:38  Void Ray  
  93  33:39  Void Ray x2  
  101  34:07  Nexus  
  97  34:15  Stalker x3  
  97  34:16  Stalker x2  
  103  34:21  Void Ray x2  
  103  34:22  Void Ray  
  109  34:33  Nexus  
  109  34:36  Assimilator  
  109  34:40  Assimilator  
  109  34:47  Pylon  
  109  34:48  Pylon  
  107  35:04  Void Ray x2  
  107  35:06  Assimilator  
  115  35:11  Warp Prism  
  117  35:29  Probe, Assimilator  
  118  35:36  Mothership  
  118  35:41  Probe  
  127  35:47  Warp Prism  
  129  35:51  Stalker x4  
  129  35:53  Probe  
  138  36:05  Probe  
  139  36:17  Probe  
  140  36:20  Stalker x7  
  140  36:21  Stalker  
  156  36:27  Stalker x2  
  158  36:45  Stalker x5  
  168  36:55  Anion Pulse-Crystals  
  168  37:23  Assimilator  
  168  37:24  Nexus  
  168  37:26  Assimilator  
  168  37:34  Void Ray  
  172  37:37  Protoss Air Weapons Level 2  
  172  37:41  Pylon  
  172  37:44  Pylon  
  172  37:46  Protoss Air Armor Level 2  
  172  38:16  Stalker x4  
  172  38:17  Stalker x6  
  172  38:18  Stalker x3  
  92  39:39  Unknown  
  82  39:57  Observer  
  81  40:06  Stalker x3  
  81  40:07  Stalker x7  
  88  40:08  Stalker x2  
  103  40:18  Observer  
  102  40:24  Void Ray x3  
  114  40:48  Stalker  
  114  40:49  Stalker x5  
  126  40:50  Stalker  
  128  41:07  Void Ray x3  
  128  41:08  Immortal  
  128  41:09  Immortal  
  148  41:28  Stalker x2  
  148  41:29  Stalker x4  
  148  41:31  Nexus  
  160  41:36  Assimilator  
  160  41:37  Assimilator  
  160  41:49  Void Ray  
  160  41:50  Void Ray x2, Nexus  
  160  41:51  Assimilator x2  
  172  42:09  Pylon  
  172  42:11  Pylon  
  172  42:27  Stalker  
  172  42:28  Stalker x6  
  172  42:29  Stalker x3  
  192  42:30  Stalker x2  
  192  42:32  Void Ray  
  200  43:09  Protoss Air Weapons Level 3  
  188  46:32  Nexus  
  188  46:35  Assimilator  
  188  46:37  Assimilator  
Show
View Real Time Build Order
Export as new Build Order

Javierson Terran - Winner!

Build Orders:  

Get SALT Encoding   

  12  0:06  SCV  
  13  0:17  Supply Depot  
  13  0:18  SCV  
  14  0:27  Refinery  
  14  0:40  Supply Depot  
  14  0:44  SCV  
  15  1:00  SCV  
  15  1:03  Engineering Bay  
  16  1:13  SCV  
  17  1:25  SCV  
  18  1:33  Barracks  
  18  1:35  Barracks  
  18  1:39  SCV  
  19  1:50  Missile Turret  
  19  1:51  SCV  
  20  2:15  Refinery  
  20  2:28  Command Center  
  20  2:30  Marine  
  21  2:39  Bunker  
  21  2:47  Orbital Command  
  21  3:27  Marine x2  
  21  3:28  Missile Turret  
  23  3:41  Missile Turret  
  23  3:45  Marine x2  
  25  3:54  Orbital Command  
  25  4:03  Marine x2  
  27  4:14  Factory, Missile Turret  
  27  4:20  Marine x2  
  29  4:38  Marine x2  
  29  4:39  Command Center  
  31  4:55  Missile Turret  
  31  5:00  Factory Tech Lab  
  31  5:08  Marine x2  
  33  5:18  Hi-Sec Auto Tracking  
  33  5:38  Siege Tank  
  36  5:43  Barracks Reactor, Barracks Tech Lab  
  36  5:59  Missile Turret  
  36  6:11  Siege Tank  
  39  6:13  Starport  
  39  6:15  Neosteel Armor  
  39  6:28  Stimpack  
  39  6:34  Starport  
  39  6:36  Missile Turret  
  39  6:43  Siege Tank  
  42  7:15  Viking x2  
  46  7:36  Command Center  
  46  7:39  Planetary Fortress  
  46  7:45  Viking x2  
  50  8:07  Combat Shield  
  50  8:15  Viking x2  
  50  8:18  SCV  
  55  8:30  SCV  
  55  8:32  Terran Infantry Weapons Level 1  
  56  8:42  SCV  
  57  8:53  Missile Turret  
  57  9:08  Missile Turret  
  57  9:10  Starport Reactor, Viking  
  59  9:25  Missile Turret  
  59  9:38  Liberator  
  59  9:40  Viking  
  59  9:41  Liberator  
  61  9:48  Planetary Fortress  
  67  10:06  Missile Turret  
  67  10:12  Marine x3  
  70  10:14  Command Center  
  70  10:27  Bunker  
  70  10:30  Marine x3  
  73  10:36  Missile Turret  
  73  10:38  SCV x2  
  75  10:48  Marine x2  
  77  10:50  SCV x2  
  79  11:02  SCV x2  
  81  11:14  SCV  
  82  12:07  Starport, Starport Reactor, Fusion Core  
  82  12:14  Missile Turret  
  82  12:17  Missile Turret  
  82  12:20  Widow Mine  
  84  12:24  Marine x3  
  87  12:41  Widow Mine  
  87  12:42  Marine x2, Marauder  
  93  12:52  Command Center  
  93  12:53  Missile Turret  
  94  12:58  SCV x2  
  94  12:59  Marine x2  
  94  13:02  Widow Mine  
  94  13:04  Marauder  
  101  13:10  SCV x2  
  101  13:12  Armory  
  103  13:17  Marine x2  
  105  13:22  SCV  
  83  14:03  Widow Mine, Marauder  
  87  14:25  Widow Mine  
  89  14:31  Planetary Fortress  
  89  14:42  Starport Reactor  
  89  14:56  Planetary Fortress  
  81  15:53  Command Center  
  81  15:55  Command Center  
  81  16:04  Missile Turret, Refinery  
  81  16:21  Supply Depot  
  81  16:25  Drilling Claws  
  81  16:43  Viking x2  
  85  17:05  Viking x4  
  93  17:13  Viking  
  65  17:31  Planetary Fortress  
  65  17:42  Missile Turret  
  65  17:46  Missile Turret  
  61  18:48  Command Center  
  61  18:57  Viking  
  63  19:03  Refinery  
  41  20:06  Planetary Fortress  
  35  20:14  Viking x2  
  35  20:16  Marine x2  
  35  20:17  Marine  
  42  20:34  Marine x3  
  45  20:47  Liberator  
  45  20:52  Marine x3  
  48  21:06  Viking x2  
  48  21:10  Marine x3  
  58  21:18  Missile Turret  
  58  21:27  Marine  
  58  21:28  Marine x2  
  61  21:56  Liberator  
  61  21:57  Missile Turret  
  61  22:01  Advanced Ballistics  
  64  22:15  Viking  
  64  22:19  Marine x3  
  69  22:37  Marine x3  
  69  22:39  Command Center  
  72  23:05  Marine x2  
  72  23:06  Marine  
  75  23:13  Terran Vehicle And Ship Armor Level 1  
  75  23:17  Viking x3  
  81  23:23  Marine x3  
  84  23:41  Marine x3  
  84  23:46  Missile Turret  
  87  23:50  Widow Mine  
  87  23:53  Orbital Command  
  89  23:59  Marine x3  
  92  24:11  Widow Mine  
  94  24:17  Marine  
  92  24:33  Widow Mine  
  92  24:35  Liberator  
  94  24:52  Viking x2  
  101  24:54  Widow Mine  
  91  27:05  Viking x4  
  99  29:02  Missile Turret  
  99  29:04  Missile Turret  
  99  29:24  Terran Ship Weapons Level 1  
  99  29:29  Viking x3  
  99  29:30  Command Center  
  65  30:28  Viking x3  
  69  30:34  Missile Turret  
  70  31:21  Viking  
  70  32:06  Orbital Command  
  70  32:22  SCV  
  39  34:55  Starport  
  39  35:08  Marine  
  39  35:09  Marine x2  
  42  35:24  Cloaking Field  
  42  35:26  Marine x2  
  42  35:27  Marine  
  45  35:33  Starport Tech Lab  
  45  35:36  Factory Tech Lab  
  45  35:39  Starport  
  45  35:44  Marine  
  45  35:48  Banshee  
  49  35:53  Banshee  
  49  35:55  Hyperflight Rotors  
  52  36:31  Banshee  
  55  36:34  Missile Turret  
  55  36:35  Banshee  
  58  37:23  Banshee  
  61  38:41  Banshee x3  
  34  39:24  Viking  
Tags
 
League
Silver
Matchup
PvT
Spawn Locations
Cross Positions
Add a new tag
Caveats
  • Supply blocks, unpowered buildings, or Contaminate may cause inaccurate times.
  • Supply counts are checked every 10 seconds.